 Seeded DCSS version 0.28-a0-422-gd71735cc25 (webtiles) character file.

Game seed: 8461610804279704117 (custom seed)

3064 oldmanjim the Blocker (level 9, -4/72 (79) HPs)
             Began as a Yellow Draconian Monk on June 27, 2021.
             Was a High Priest of Dithmenos.
             Slain by a wight (12 damage)
             ... on level 7 of the Dungeon on Sept 8, 2021.
             The game lasted 01:08:07 (7997 turns).

oldmanjim the Blocker (Yellow Draconian Monk)       Turns: 7997, Time: 01:08:08

HP:   -4/72 (79)    AC: 12    Str: 18    XL:     9   Next: 57%
MP:   13/13         EV: 14    Int: 14    God:    Dithmenos [*****.]
Gold: 366           SH:  6    Dex: 16    Spells: 6/14 levels left

rFire   + . .      SeeInvis .   a - +2 short sword (venom)
rCold   + . .      Faith    .   t - +0 buckler
rNeg    . . .      Spirit   .   (armour unavailable)
rPois   +          Reflect  .   (helmet restricted)
rElec   .          Harm     .   q - +0 cloak
rCorr   +          Rampage  .   c - +2 pair of gloves
Will    .....                   (no boots)
Stlth   ++++......              (no amulet)
HPRegen 0.22/turn               g - ring "Ewkoriza" {rPois rF+ Str+4}
MPRegen 0.13/turn               p - ring of the Octopus King {rC+ AC+1 EV+1 Str+1 Int+1 Dex+1}

@: wreathed by umbra, drained
A: spit acid, AC +7, unfitting armour, cold-blooded, acid resistance
a: Breathe Acid, Renounce Religion, Shadow Step, Shadow Form


You were on level 7 of the Dungeon.
You worshipped Dithmenos.
Dithmenos was extremely pleased with you.
You visited 1 branch of the dungeon, and saw 8 of its levels.

You collected 973 gold pieces.
You spent 607 gold pieces at shops.

Inventory:

Hand Weapons
 a - a +2 short sword of venom (weapon)
 w - a +0 falchion
Missiles
 m - 12 poisoned darts (quivered)
Armour
 c - a +2 pair of gloves (worn)
 n - a +2 kite shield
 q - a +0 cloak (worn)
 t - a +0 buckler (worn)
Jewellery
 d - a ring of fire
 g - the ring "Ewkoriza" (left hand) {rPois rF+ Str+4}
   (You acquired it on level 2 of the Dungeon)

   [ring of protection from fire]

   Str:       It affects your strength (+4).
   rF:        It protects you from fire.
   rPois:     It protects you from poison.
 j - a ring of positive energy
 p - a ring of the Octopus King (right hand) {rC+ AC+1 EV+1 Str+1 Int+1 Dex+1}
   (You bought it in a shop on level 4 of the Dungeon)

   [ring of protection from cold]

   AC:        It affects your AC (+1).
   EV:        It affects your evasion (+1).
   Str:       It affects your strength (+1).
   Int:       It affects your intelligence (+1).
   Dex:       It affects your dexterity (+1).
   rC:        It protects you from cold.
Wands
 l - a wand of flame (24)
 B - a wand of paralysis (6)
Scrolls
 i - 2 scrolls of enchant armour
 r - a scroll of enchant weapon {unknown}
 s - a scroll of fog {unknown}
 u - 3 scrolls of immolation {unknown}
 y - a scroll of identify
 A - a scroll of blinking
Potions
 b - a potion of lignification
 e - 2 potions of cancellation
 f - a potion of ambrosia
 h - 3 potions of curing
 k - a potion of resistance
 o - 2 potions of brilliance
 v - a potion of magic {unknown}
 x - a potion of attraction {unknown}
 z - a potion of flight {unknown}


   Skills:
 - Level 7.0 Fighting
 - Level 3.2 Long Blades
 - Level 3.0 Dodging
 - Level 4.0 Stealth
 + Level 8.3 Shields
 - Level 3.0 Spellcasting
 + Level 2.7 Summonings
 - Level 4.0 Necromancy
 - Level 5.0 Invocations


You had 6 spell levels left.
You knew the following spells:

 Your Spells              Type           Power      Damage    Failure   Level
a - Animate Skeleton      Necr           26%        N/A       4%          1
b - Animate Dead          Necr           6%         N/A       38%         4
c - Call Canine Familiar  Summ           9%         N/A       22%         3

Your spell library contained the following spells:

 Spells                   Type           Power      Damage    Failure   Level
 Pain                     Necr           52%        1d6       4%          1
 Summon Small Mammal      Summ           36%        N/A       7%          1
 Vampiric Draining        Necr           6%         2d6       12%         3
 Beastly Appendage        Tmut           4%         N/A       22%         1
 Wereblood                Tmut           2%         N/A       32%         2
 Summon Guardian Golem    Hex/Summ       5%         N/A       36%         3
 Spider Form              Tmut/Pois      1%         N/A       54%         3
 Tukima's Dance           Hex            2%         N/A       54%         3
 Agony                    Necr           13%        N/A       75%         5
 Ice Form                 Ice/Tmut       2%         N/A       91%         4
 Passage of Golubria      Tloc           N/A        N/A       91%         4
 Yara's Violent Unravell  Hex/Tmut       1%         3d3       99%         5
 Lehudib's Crystal Spear  Conj/Erth      1%         10d2      100%        8
 Chain Lightning          Conj/Air       1%         3d1       100%        9
 Fire Storm               Conj/Fire      1%         7d1       100%        9
 Polar Vortex             Ice            1%         N/A       100%        9


Dungeon Overview and Level Annotations

Branches:
Dungeon (8/15)             Temple (0/1) D:7
   Lair: D:8-11

Altars:
Dithmenos
Fedhas

Shops:
D:4 =

Portals:
Abyss: D:7

Annotations:
D:7 2 transporters, 1 runed translucent door, exclusion: door, Crazy Yiuf; yellowboar's ghost, novice DECj


Innate Abilities, Weirdness & Mutations

You can spit globs of acid.
Your golden yellow scales are hard. (AC +7)
You cannot fit into any form of body armour.
You are cold-blooded and may be slowed by cold attacks.
You are resistant to acid. (rCorr)


Message History

You closely miss the wight.
Your tail-slap misses the wight.
The wight is heavily damaged.
Your shadow misses the wight.
The wight hits you with a +4 great sword.
You feel drained.
You barely miss the wight.
You tail-slap the wight, but do no damage.
The wight is heavily damaged.
The wight hits you with a +4 great sword!
You feel drained.
There is a stone staircase leading up here.
The wight hits you with a +4 great sword!
* * * LOW HITPOINT WARNING * * *
You feel drained.
* * * LOW HITPOINT WARNING * * *
You climb upwards.
Level annotation: 2 transporters, 1 runed translucent door, exclusion: door, Crazy Yiuf; yellowboar's ghost, novice DECj
There is a stone staircase leading down here.
Okay, then.
Okay, then.
You hit the wight.
The wight is heavily damaged.
The wight barely misses you.
You barely miss the wight.
You tail-slap the wight, but do no damage.
The wight is heavily damaged.
You block the wight's attack.
You hit the wight but do no damage.
Your tail-slap misses the wight.
The wight is heavily damaged.
The wight hits you but does no damage.
You hit the wight but do no damage.
The wight is heavily damaged.
The wight barely misses you.
You hit the wight but do no damage.
The wight is heavily damaged.
You block the wight's attack.
You hit the wight but do no damage.
Your tail-slap misses the wight.
The wight is heavily damaged.
The wight hits you with a +4 great sword!
You die...

######### #@......#
#z#####.# ####.#####.#
######.......##.#######
#.......#.##..........#
#.####..#.#####.#####.#
#.##....#....[..# #.#
#.##.##.#############.####
#.#...#.# #.......#


You could see a wight.

Vanquished Creatures
  Pikel (D:5)
  Maggie (D:7)
  Prince Ribbit (D:6)
  Menkaure (D:5)
  2 water moccasins
  Duvessa (D:6)
  An ice beast (D:6)
  A black bear (D:5)
  An ogre (D:6)
  A phantom (D:4)
  A centaur (D:7)
  3 lemures
  A bullfrog (D:4)
  Dowan (D:6)
  A water moccasin zombie (D:5)
  2 scorpions
  4 killer bees (D:7)
  2 wights (D:8)
  A howler monkey (D:6)
  4 hounds
  A jelly (D:7)
  An orc priest (D:3)
  A bullfrog skeleton (D:5)
  5 iguanas
  3 orc wizards (D:3)
  A scorpion zombie (D:5)
  Robin (D:3)
  8 gnolls
  6 adders
  A white imp (D:5)
  2 ufetubi (D:5)
  3 worms
  3 dart slugs
  15 orcs
  5 ball pythons
  2 bats
  7 endoplasms
  5 giant cockroaches
  14 goblins
  14 hobgoblins
  12 jackals
  4 quokkas
  2 frilled lizards
  6 kobolds
  2 rats
155 creatures vanquished.

Vanquished Creatures (collateral kills)
  A gnoll (D:4)
1 creature vanquished.

Vanquished Creatures (others)
  3 fungi (D:5)
3 creatures vanquished.

Grand Total: 159 creatures vanquished

Notes
Turn   | Place    | Note
-------+----------+-------------------------------------------
     0 | D:1      | oldmanjim the Draconian Monk began the quest for the Orb.
     0 | D:1      | Reached XP level 1. HP: 19/19 MP: 1/1
   196 | D:1      | Reached XP level 2. HP: 25/26 MP: 2/2
   584 | D:1      | Found a faded altar of an unknown god.
   924 | D:1      | Became a worshipper of Dithmenos the Shadowed
   924 | D:1      | Reached * piety under Dithmenos
   924 | D:1      | Reached ** piety under Dithmenos
  1024 | D:2      | Reached XP level 3. HP: 33/33 MP: 2/4
  1132 | D:2      | Reached skill level 1 in Spellcasting
  1197 | D:2      | Reached *** piety under Dithmenos
  1824 | D:2      | Learned a level 1 spell: Animate Skeleton
  1829 | D:2      | Identified a scroll of acquirement
  1829 | D:2      | Acquired the ring "Ewkoriza" {rPois rF+ Str+4}
  1902 | D:3      | Reached XP level 4. HP: 37/40 MP: 6/6
  1910 | D:3      | Noticed Robin
  1924 | D:3      | Killed Robin
  2156 | D:3      | Reached skill level 1 in Necromancy
  2386 | D:3      | Reached **** piety under Dithmenos
  2387 | D:3      | Reached XP level 5. HP: 31/47 MP: 6/8
  2781 | D:4      | Reached skill level 5 in Fighting
  2961 | D:4      | Acquired 617 gold pieces
  3043 | D:4      | Upgraded the game from 0.27-a0-1347-gd8886f0a89 to
                  | 0.27-a0-1359-ga2a4dfd6fd
  3057 | D:4      | Reached XP level 6. HP: 56/56 MP: 7/9
  3075 | D:4      | Found Keva's Jewellery Shop.
  3083 | D:4      | Bought a ring of the Octopus King {rC+ AC+1 EV+1 Str+1
                  | Int+1 Dex+1} for 607 gold pieces
  3083 | D:4      | Found the ring of the Octopus King {rC+ AC+1 EV+1 Str+1
                  | Int+1 Dex+1}
  3787 | D:4      | Upgraded the game from 0.27-a0-1359-ga2a4dfd6fd to
                  | 0.27-a0-1378-gdefffd1ff6
  3812 | D:4      | Upgraded the game from 0.27-a0-1378-gdefffd1ff6 to
                  | 0.28-a0-422-gd71735cc25
  3813 | D:5      | Entered Level 5 of the Dungeon
  3974 | D:5      | Your scales start taking on a golden yellow colour.
  3974 | D:5      | Reached XP level 7. HP: 62/64 MP: 10/10
  3974 | D:5      | Gained mutation: You are resistant to acid. (rCorr) [Yellow
                  | Draconian growth]
  4236 | D:5      | Noticed Menkaure
  4248 | D:5      | Killed Menkaure
  4446 | D:5      | Noticed Pikel
  5289 | D:6      | Reached skill level 1 in Shields
  5289 | D:6      | Reached skill level 1 in Invocations
  5289 | D:6      | Reached XP level 8. HP: 73/73 MP: 12/12
  5308 | D:6      | Reached skill level 2 in Shields
  5374 | D:6      | Noticed Prince Ribbit
  5645 | D:6      | Found a blossoming altar of Fedhas.
  5786 | D:6      | Reached skill level 3 in Shields
  5808 | D:6      | Killed Prince Ribbit
  5809 | D:6      | Reached skill level 4 in Shields
  6333 | D:5      | Killed Pikel
  6334 | D:5      | Reached skill level 5 in Shields
  6334 | D:5      | Reached skill level 5 in Invocations
  6334 | D:5      | Reached skill level 6 in Shields
  6334 | D:5      | Reached XP level 9. HP: 71/79 MP: 13/13
  6502 | D:7      | Noticed Duvessa
  6509 | D:7      | Noticed Dowan
  6624 | D:7      | Found a staircase to the Ecumenical Temple.
  6654 | D:6      | Killed Duvessa
  6655 | D:6      | Killed Dowan
  6869 | D:7      | Noticed Maggie
  6959 | D:7      | Reached skill level 7 in Shields
  6960 | D:7      | Killed Maggie
  7111 | D:7      | Learned a level 4 spell: Animate Dead
  7115 | D:7      | Learned a level 3 spell: Call Canine Familiar
  7210 | D:7      | Found a transporter.
  7224 | D:7      | Noticed a red devil
  7228 | D:7      | Found a transporter.
  7237 | D:7      | Noticed a hell hog
  7256 | D:7      | Found a one-way gate to the infinite horrors of the Abyss.
  7256 | D:7      | Noticed yellowboar's ghost (novice DECj)
  7258 | D:7      | Noticed a toenail golem
  7284 | D:7      | Reached skill level 1 in Summonings
  7475 | D:7      | Reached skill level 8 in Shields
  7678 | D:7      | Reached ***** piety under Dithmenos
  7821 | D:7      | Found a runed translucent door.
  7822 | D:7      | Noticed Crazy Yiuf
  7997 | D:7      | Slain by a wight

Illustrated notes

Levels and vault maps discovered:
D:1:      dpeg_arrival_tiny_c, layout_loops_ring,
          shapermc_ecumenical_altar_flowoftime, minmay_unequal
D:2:      layout_basic, minmay_split_cup_small
D:3:      layout_basic, uniq_robin
D:4:      layout_gridville, serial_shops, shop_statue,
          chequers_serial_rivers_marsh
D:5:      layout_loops_ring, serial_aquarium, aquarium_bridge_island_small
          [aquarium_subvault_small_open, aquarium_subvault_bridge,
          aquarium_subvault_bridge, aquarium_subvault_wall,
          aquarium_subvault_bridge], aquarium_window_fake, aquarium_window_fake,
          aquarium_window_fake, aquarium_window_2, aquarium_view_2e,
          aquarium_pool_four, grunt_ministairs_13, uniq_pikel, uniq_menkaure
D:6:      layout_loops_ring, mainiacjoe_overflow_catwalk,
          minmay_misc_feat_four_crosses, corexii_corridor_pit,
          kennysheep_doodads, minmay_fountain_box, eino_tiny_chamber,
          minmay_misc_feat_hallway, uniq_prince_ribbit1
D:7:      layout_loops_cross, minmay_temple_entry_offerings,
          gammafunk_ghost_abyssal_escape, serial_park_tiny_1, uniq_duvessa,
          uniq_crazy_yiuf_cottage, uniq_maggie
D:8:      layout_loops_cross, kennysheep_nub, uniq_erica

Skill      XL: |  1  2  3  4  5  6  7  8  9 |
---------------+----------------------------+-----
Dodging        | 3 |  3.0
Stealth        | 2 4 |  4.0
Spellcasting   | 1 2 3 |  3.0
Fighting       | 4 5 6 7 |  7.0
Necromancy     | 1 2 3 4 |  4.0
Shields        | 1 6 8 |  8.3
Invocations    | 1 5 |  5.0
Summonings     | 2 |  2.7
Long Blades    | |  3.2

Action                   |  1- 3 |  4- 6 |  7- 9 || total
-------------------------+-------+-------+-------++-------
Melee: Falchion          |   118 |   196 |   167 ||   481
       Tailslap          |    11 |    47 |    43 ||   101
       Short sword       |       |       |    86 ||    86
Throw: Dart              |       |    10 |    35 ||    45
 Cast: Animate Skeleton  |       |     9 |       ||     9
 Abil: Breathe Acid      |       |       |    21 ||    21
Evoke: Wand              |       |       |     3 ||     3
  Use: Scroll            |     6 |     2 |     3 ||    11
 Stab: Sleeping          |     6 |     7 |     1 ||    14
Armor: Skin              |    35 |    80 |    80 ||   195
Dodge: Dodged            |   100 |   145 |   186 ||   431
Block: Buckler           |       |       |    54 ||    54
       Rpst.: Falchion   |    29 |    36 |       ||    65

Table legend: (Time is in decaauts)
 A = Elapsed time spent in this place.
 B = Non-inter-level travel time spent in this place.
 C = Inter-level travel time spent in this place.
 D = Time resting spent in this place.
 E = Time spent auto-exploring this place.
 F = Levels seen in this place.
 G = Mean time per level.
                   A        B        C        D        E       F      G
               +--------+--------+--------+--------+--------+-----+--------+
         Total |   8075 |   7774 |    301 |   1254 |   4199 |   8 | 1009.4 |
       Dungeon |   8075 |   7774 |    301 |   1254 |   4199 |   8 | 1009.4 |
               +--------+--------+--------+--------+--------+-----+--------+

Top non-repeatable levels by time:
     D:5: 1410 daAuts
     D:4: 1333 daAuts
     D:6: 1327 daAuts
     D:7: 1189 daAuts
     D:1: 963 daAuts
     D:3: 932 daAuts
     D:2: 888 daAuts
     D:8: 29 daAuts
